 Dungeon Crawl Stone Soup version 0.31-a0-1591-g515db51633 (webtiles) character file.

Game seed: 14499964784127930819

3803 Atlas the Grappler (level 9, -4/80 HPs)
             Began as a Troll Shapeshifter on Jan 6, 2024.
             Was an Initiate of Gozag.
             Slain by a skeletal warrior
             ... wielding a +0 scimitar
              (14 damage)
             ... on level 8 of the Dungeon.
             The game lasted 00:06:33 (6242 turns).

Atlas the Grappler (Troll Shapeshifter)             Turns: 6242, Time: 00:06:33

Health: -4/80      AC:  4    Str: 28    XL:     9   Next: 96%
Magic:  8/8        EV: 12    Int:  6    God:    Gozag
Gold:   307        SH:  0    Dex: 21    Spells: 8/8 levels left

rFire   . .          .
                       - Unarmed
rCold   . . .        y - orb {light}
rNeg    . . .        a - +0 animal skin
rPois   .            (helmet currently unavailable)
rElec   .            (cloak currently unavailable)
rCorr   .            (gloves unavailable)
SInv    .            (boots unavailable)
Will    .....        (no amulet)
Stlth   +            j - +6 ring of dexterity
HPRegen 1.13/turn    n - +6 ring of dexterity
MPRegen 0.11/turn

%: no passive effects
@: beast-form, glowing
A: beast (slay +4), large, unfitting armour, claws 3, regeneration 1, shaggy fur
1, tough skin 1
a: Begin Untransformation, Renounce Religion, Potion Petition, Call Merchant,
Bribe Branch


You were on level 8 of the Dungeon.
You worshipped Gozag.
Gozag was aware of your devotion.
You were a hulking beast.
You visited 2 branches of the dungeon, and saw 9 of its levels.

You collected 402 gold pieces.
You paid 95 gold pieces to Gozag.

Inventory:

Missiles
 r - 3 large rocks (quivered)
Armour
 a - a +0 animal skin (worn)
 l - a +2 cloak
 y - an orb of light (worn)
 J - a +0 kite shield
Jewellery
 j - a +6 ring of dexterity (left claw)
 n - a +6 ring of dexterity (right claw)
 v - an amulet of faith
Talismans
 c - a beast talisman
 d - a flux talisman
 t - a serpent talisman
Wands
 p - a wand of flame (4)
 x - a wand of acid (15)
 D - a wand of polymorph (6)
 E - a wand of mindburst (16)
 F - a wand of paralysis (5)
Scrolls
 e - a scroll of poison {unknown}
 f - a scroll of fog {unknown}
 g - 2 scrolls of identify {unknown}
 h - a scroll of enchant armour {unknown}
 i - 4 scrolls of amnesia
 s - 4 scrolls of revelation {unknown}
 z - a scroll of blinking {unknown}
 B - a scroll of acquirement {unknown}
 C - a scroll of immolation {unknown}
 G - a scroll of noise {unknown}
 H - a scroll of silence {unknown}
 I - a scroll of fear {unknown}
Potions
 b - 3 potions of lignification
 k - 4 potions of curing
 m - a potion of enlightenment {unknown}
 o - a potion of brilliance {unknown}
 q - 3 potions of heal wounds {unknown}
 w - a potion of magic {unknown}
 A - a potion of haste {unknown}


   Skills:
 + Level 2.7 Fighting
 + Level 3.9 Dodging
 + Level 10.8 Unarmed Combat
 + Level 0.2 Evocations
 * Level 8.1 Shapeshifting


You had 8 spell levels left.
You didn't know any spells.
Your spell library was empty.

Dungeon Overview and Level Annotations

Branches:
Dungeon (8/15)             Temple (1/1) D:6            Lair (0/5) D:8

Altars:
Ashenzari
Cheibriados
Elyvilon
Gozag
Hepliaklqana
Kikubaaqudgha
Makhleb
Nemelex Xobeh
Okawaru
Qazlal
Ru
Sif Muna
Trog
Vehumet
Wu Jian
Xom
Yredelemnul
Zin

Annotations:
D:5 2 transporters, fishfloyd's ghost, amateur FeSu


Innate Abilities, Weirdness & Mutations

You are a hulking beast.
Your limbs bulge with bestial killing power. (Slay +4)
You are too large for most types of armour.
You have claws for hands.
Your natural rate of healing is unusually fast.
You are covered in fur. (AC +1)
You have tough skin. (AC +1)


Message History

The skeletal warrior closely misses you.
You scratch the skeletal warrior.
The skeletal warrior is heavily damaged.
The skeletal warrior hits you with a +1 long sword of venom!
You are poisoned.
You barely miss the skeletal warrior.
The skeletal warrior is heavily damaged.
You feel very sick.
The skeletal warrior hits you with a +1 long sword of venom!
You are more poisoned.
As you read the scroll of teleportation, it crumbles to dust.
You feel strangely unstable.
* * * LOW HITPOINT WARNING * * *
You feel extremely sick.
The skeletal warrior hits you with a +1 long sword of venom!!
* * * LOW HITPOINT WARNING * * *
You are more poisoned.
It was a potion of curing.
You feel better.
The skeletal warrior is distracted by your dazzling golden aura.
The skeletal warrior is no longer distracted by gold.
Items here: $ )))) [[[.
Your surroundings suddenly seem different.
A skeletal warrior comes into view. It is wielding a +0 scimitar.
Found a staircase to the Lair.
As you read the scroll labelled HIUQYT SOOTIWN, it crumbles to dust.
It is a scroll of amnesia.
You feel forgetful for a moment. The skeletal warrior barely misses you.
The skeletal warrior attacks as it pursues you!
The skeletal warrior barely misses you.
Found a scroll labelled FACLOM VUBAM.
Found a stone staircase leading down.
Found a spear.
The skeletal warrior closely misses you.
The skeletal warrior attacks as it pursues you!
The skeletal warrior hits you with a +0 scimitar!!
* * * LOW HITPOINT WARNING * * *
The skeletal warrior attacks as it pursues you!
The skeletal warrior hits you with a +0 scimitar!
You die...
Your body crumbles into a pile of gold.

.... #.###+######.[
... #.# . # #.# ..
#.# # # .####.#
)#.. ...#.###...#
######.......###
#..?.....>......
#...# #.......h.#
.....# #.......z.#
...... #.........#
......###.........#
.......##....z....#
.......##.........#
..>.....#.........#
..................#
.......##.........#


You could see 2 skeletal warriors.

Vanquished Creatures
  Jeremiah (D:6)
  Prince Ribbit (D:6)
  A wraith (D:6)
  A wyvern (D:8)
  Grum (D:8)
  A steam dragon (D:5)
  An ice beast (D:7)
  An orc warrior (D:8)
  A black bear (D:6)
  2 ogres (D:4)
  6 wolves (D:8)
  A centaur (D:8)
  A gnoll sergeant (D:8)
  2 bullfrogs
  3 scorpions
  5 wights (D:7)
  5 killer bees (D:7)
  2 howler monkeys (D:7)
  A bombardier beetle (D:6)
  3 hounds
  5 orc priests
  A jelly (D:7)
  Jessica (D:3)
  Natasha (thrice) (D:2)
  2 iguanas (D:5)
  4 orc wizards
  Robin (D:2)
  6 adders
  12 gnolls
  2 ufetubi (D:7)
  8 dart slugs
  2 ribbon worms
  13 orcs
  5 bats
  5 endoplasms
  3 giant cockroaches
  12 goblins
  10 hobgoblins
  2 jackals (D:5)
  8 kobolds
  4 quokkas
  7 ball pythons
  4 frilled lizards
  6 rats
166 creatures vanquished.

Notes
Turn   | Place    | Note
-------+----------+-------------------------------------------
     0 | D:1      | Atlas the Troll Shapeshifter began the quest for the Orb.
     0 | D:1      | Reached XP level 1. HP: 18/18 MP: 0/0
    81 | D:1      | Reached XP level 2. HP: 26/26 MP: 1/1
   314 | D:1      | Reached XP level 3. HP: 32/32 MP: 2/2
   670 | D:2      | Noticed Natasha
   676 | D:2      | Killed Natasha
   708 | D:2      | Noticed Natasha
   715 | D:2      | Killed Natasha
   716 | D:2      | Reached skill level 4 in Unarmed Combat
   716 | D:2      | Reached XP level 4. HP: 30/40 MP: 3/3
   772 | D:2      | Noticed Natasha
   779 | D:2      | Killed Natasha
   868 | D:2      | Reached skill level 1 in Fighting
   893 | D:2      | Reached XP level 5. HP: 48/48 MP: 4/4
   926 | D:2      | Noticed Robin
   930 | D:2      | Killed Robin
   967 | D:2      | Found a faded altar of an unknown god.
  1450 | D:3      | Identified the +8 chain mail of Jamuotur {Will- Int+5}
  1556 | D:3      | Noticed Jessica
  1560 | D:3      | Killed Jessica
  1561 | D:3      | Reached skill level 5 in Unarmed Combat
  2370 | D:3      | Found a hazy altar of Hepliaklqana.
  2560 | D:4      | Noticed an ogre
  2564 | D:4      | Killed an ogre
  2565 | D:4      | Reached XP level 6. HP: 55/55 MP: 5/5
  2682 | D:4      | Found a sparkling altar of Nemelex Xobeh.
  2683 | D:4      | Found a white marble altar of Elyvilon.
  3089 | D:4      | Reached skill level 6 in Unarmed Combat
  3142 | D:5      | Entered Level 5 of the Dungeon
  3170 | D:5      | Noticed a steam dragon
  3175 | D:5      | Killed a steam dragon
  3176 | D:5      | Reached skill level 5 in Shapeshifting
  3176 | D:5      | Reached XP level 7. HP: 16/62 MP: 6/6
  3232 | D:5      | Found a transporter.
  3243 | D:5      | Found a transporter.
  3255 | D:5      | Noticed a small abomination
  3285 | D:5      | Noticed fishfloyd's ghost (amateur FeSu)
  3992 | D:6      | Reached skill level 7 in Unarmed Combat
  4138 | D:6      | Reached XP level 8. HP: 71/71 MP: 7/7
  4289 | D:6      | Noticed Jeremiah
  4325 | D:6      | Killed Jeremiah
  4326 | D:6      | Reached skill level 8 in Unarmed Combat
  4423 | D:6      | Found a staircase to the Ecumenical Temple.
  4441 | Temple   | Entered the Ecumenical Temple
  4712 | D:6      | Noticed Prince Ribbit
  4717 | D:6      | Killed Prince Ribbit
  4790 | D:7      | Reached skill level 9 in Unarmed Combat
  4876 | D:7      | Reached XP level 9. HP: 52/79 MP: 8/8
  4935 | D:7      | Found an opulent altar of Gozag.
  4942 | D:7      | Became a worshipper of Gozag Ym Sagoz the Greedy
  5046 | D:7      | You fall into a shaft and drop 1 floor!
  5068 | D:8      | Noticed a skeletal warrior
  5068 | D:8      | Noticed a skeletal warrior
  5371 | D:7      | Found a snail-covered altar of Cheibriados.
  5405 | D:7      | Identified the +2 whip of the Shining Light {heavy, *Noise
                  | rPois Int+5 Dex+4}
  5721 | D:8      | Noticed Grum
  5740 | D:8      | Killed Grum
  5831 | D:8      | Reached skill level 10 in Unarmed Combat
  6216 | D:8      | Noticed a skeletal warrior
  6225 | D:8      | HP: 3/80 [skeletal warrior/+1 long sword of venom (20)]
  6228 | D:8      | Found a staircase to the Lair.
  6228 | D:8      | Noticed a skeletal warrior
  6242 | D:8      | Slain by a skeletal warrior

Illustrated notes

Levels and vault maps discovered:
D:1:      mushboom_english_gardens, layout_basic, minmay_misc_feat_more_columns
D:2:      layout_loops_ring, nicolae_ecumenical_lake_church, uniq_robin,
          uniq_natasha
D:3:      layout_loops_corners, lemuel_coloured_pillars_altar,
          serial_co_window_serial, co_window_of_opportunity_a,
          co_window_corner_a, co_window_of_opportunity_a, co_window_paths_b,
          co_window_paths_b, co_window_2corner, co_window_2corner,
          co_window_broadway_b, co_window_corner_b, co_window_paths_c,
          co_window_4corner_b, glass_columns_a, glass_columns_a,
          glass_columns_a, glass_columns_c, uniq_jessica
D:4:      layout_loops_ring, gammafunk_temple_overflow_statue
D:5:      layout_loops_corners, gammafunk_ghost_abyssal_escape
D:6:      layout_loops_ring, minmay_temple_entry_crystal_x, uniq_jeremiah,
          uniq_prince_ribbit1
D:7:      lemuel_ice_spiral_2, layout_basic, grunt_gozag_statues,
          mainiacjoe_overflow_alcove_4
D:8:      layout_basic, erik_lair_orcish_takeover, minmay_misc_feat_tiny,
          uniq_pikel, uniq_grum
Temple:   nicolae_temple_god_jail

Skill      XL: |  1  2  3  4  5  6  7  8  9 |
---------------+----------------------------+-----
Unarmed Combat | 4 5 6 7 9 10 | 10.8
Shapeshifting  | 4 5 7 8 |  8.1
Fighting       | 1 2 |  2.7
Dodging        | 2 3 |  3.9
Evocations     | |  0.2

Action                     |  1- 3 |  4- 6 |  7- 9 || total
---------------------------+-------+-------+-------++-------
  Melee: Unarmed           |    54 |   118 |   167 ||   339
         Punch             |       |     4 |       ||     4
  Evoke: Wand              |       |       |     2 ||     2
    Use: Scroll            |       |       |     2 ||     2
         Potion            |       |       |     1 ||     1
   Stab: Sleeping          |     2 |     6 |       ||     8
         Distracted        |       |       |     1 ||     1
 Armour: Animal skin       |    27 |    50 |   128 ||   205
  Dodge: Dodged            |    17 |    53 |    79 ||   149

Table legend: (Time is in decaauts)
 A = Elapsed time spent in this place.
 B = Non-inter-level travel time spent in this place.
 C = Inter-level travel time spent in this place.
 D = Time resting spent in this place.
 E = Time spent auto-exploring this place.
 F = Levels seen in this place.
 G = Mean time per level.
                   A        B        C        D        E       F      G
               +--------+--------+--------+--------+--------+-----+--------+
         Total |   6204 |   5962 |    242 |    247 |   4694 |   9 |  689.3 |
       Dungeon |   6160 |   5953 |    207 |    247 |   4687 |   8 |  770.0 |
        Temple |     43 |      8 |     35 |      0 |      7 |   1 |   43.0 |
               +--------+--------+--------+--------+--------+-----+--------+

Top non-repeatable levels by time:
     D:7: 1175 daAuts
     D:3: 1077 daAuts
     D:5: 840 daAuts
     D:2: 792 daAuts
     D:6: 704 daAuts
     D:4: 644 daAuts
     D:1: 612 daAuts
     D:8: 314 daAuts
  Temple: 43 daAuts
